EL
ARKANSAS TRAVELERS @ FRISCO ROUGHRIDERS
08/24/2049
 
TOP OF THE 1ST
Arkansas Travelers batting - Pitching for Frisco RoughRiders : RHP Kalititi Haki
Pitching: RHP Kalititi Haki
Batting: RHB Nick Lombardo 0-0: SOLO HOME RUN (Flyball, 7D, EV 103.8 MPH), Distance : 389 ft
Batting: RHB Danny Bjarnson 0-0: Ground out 4-3 (Groundball, 4, EV 103.1 MPH)
Batting: RHB Juan Montez 0-0: Called Strike
0-1: Called Strike
0-2: Ball
1-2: Ball
2-2: Fly out, F9 (Flyball, 9, EV 81.9 MPH)
Batting: RHB Kyler Seitz 0-0: Ball
1-0: Foul Ball, location: 2F
1-1: Ball
2-1: Swinging Strike
2-2: Ball
3-2: Fly out, F9 (Flyball, 89D, EV 99.4 MPH)
Top of the 1st over - 1 run, 1 hit, 0 errors, 0 left on base; Arkansas 1 - Frisco 0
BOTTOM OF THE 1ST
Frisco RoughRiders batting - Pitching for Arkansas Travelers : RHP Nick Madrid
Pitching: RHP Nick Madrid
Batting: LHB Yoshinari Nara 0-0: SINGLE (Line Drive, 8RS, EV 88.8 MPH)
Batting: LHB Josh Stuck 0-0: Ball
1-0: Foul Ball, location: 2F
1-1: Called Strike
1-2: Ball
2-2: Ball
3-2: Base on Balls
Yoshinari Nara to second
Batting: RHB Chance Lamb 0-0: Foul Ball, location: 2F
0-1: Ball
1-1: Ball
2-1: Fielders Choice at 2nd, 3-6 (Groundball, 34, EV 85.6 MPH)
Yoshinari Nara to third
Batting: LHB Jody Hudson 0-0: Swinging Strike
0-1: Ball
Chance Lamb is caught stealing 2nd base 2-6
1-1: Ball
2-1: Foul Ball, location: 2F
2-2: Foul Ball, location: 2F
2-2: Strikes out swinging
Bottom of the 1st over - 0 runs, 1 hit, 0 errors, 1 left on base; Arkansas 1 - Frisco 0
TOP OF THE 2ND
Arkansas Travelers batting - Pitching for Frisco RoughRiders : RHP Kalititi Haki
Batting: SHB Danny Gelinas 0-0: Ball
1-0: Called Strike
1-1: Ball
2-1: Foul Ball, location: 2F
2-2: Strikes out swinging
Batting: RHB Ricky Mejicanos 0-0: Ball
1-0: Fly out, F9 (Flyball, 9, EV 85.0 MPH)
Batting: LHB Dave Hicks 0-0: Called Strike
0-1: Ball
1-1: Ball
2-1: Called Strike
2-2: Foul Ball, location: 2F
2-2: Foul Ball, location: 2F
2-2: Strikes out swinging
Top of the 2nd over - 0 runs, 0 hits, 0 errors, 0 left on base; Arkansas 1 - Frisco 0
BOTTOM OF THE 2ND
Frisco RoughRiders batting - Pitching for Arkansas Travelers : RHP Nick Madrid
Batting: RHB Sergio Godinez 0-0: Ball
1-0: Ball
2-0: Ball
3-0: Base on Balls
Batting: RHB Wally Cangro 0-0: Called Strike
0-1: Called Strike
0-2: Foul Ball, location: 2F
0-2: Ball
1-2: Ball
2-2: Ball
3-2: Strikes out looking
Batting: RHB Matt Sanders 0-0: Called Strike
0-1: Ball
1-1: Fielders Choice at 2nd, 5-4 (Groundball, 5L, EV 99.4 MPH)
Batting: RHB Jordan Fairburn 0-0: Called Strike
0-1: Ball
1-1: Foul Ball, location: 2F
1-2: Ball
2-2: Ball
3-2: Fly out, F9 (Flyball, 89D, EV 105.0 MPH)
Bottom of the 2nd over - 0 runs, 0 hits, 0 errors, 1 left on base; Arkansas 1 - Frisco 0
TOP OF THE 3RD
Arkansas Travelers batting - Pitching for Frisco RoughRiders : RHP Kalititi Haki
Batting: RHB Kinya Nishimura 0-0: Ball
1-0: Swinging Strike
1-1: Foul Ball, location: 2F
1-2: Ball
2-2: DOUBLE (Line Drive, 9LM, EV 111.2 MPH)
Batting: RHB Ryan Pelletier 0-0: Called Strike
0-1: Ground out 4-3 (Groundball, 4, EV 106.9 MPH)
Kinya Nishimura to third
Batting: RHB Nick Lombardo 0-0: Ball
1-0: Swinging Strike
1-1: Ball
2-1: Foul Ball, location: 2F
2-2: Ball
3-2: DOUBLE (Line Drive, 9LD, EV 103.8 MPH)
Kinya Nishimura scores
Batting: RHB Danny Bjarnson 0-0: Ball
1-0: Called Strike
1-1: Swinging Strike
1-2: Ball
2-2: Foul Ball, location: 2F
2-2: Foul Ball, location: 2F
2-2: Ball
3-2: Foul Ball, location: 2F
3-2: Base on Balls
Batting: RHB Juan Montez 0-0: Foul Ball, location: 2F
0-1: Ball
1-1: SINGLE (Groundball, 34D, EV 105.6 MPH) - runner OUT being hit by batted ball. (infield hit)
Batting: RHB Kyler Seitz 0-0: Ball
1-0: 3-RUN HOME RUN (Flyball, 89XD, EV 115.0 MPH), Distance : 440 ft
Batting: SHB Danny Gelinas 0-0: Foul Ball, location: 2F
0-1: Swinging Strike
0-2: Strikes out looking
Top of the 3rd over - 4 runs, 4 hits, 0 errors, 0 left on base; Arkansas 5 - Frisco 0
BOTTOM OF THE 3RD
Frisco RoughRiders batting - Pitching for Arkansas Travelers : RHP Nick Madrid
Batting: RHB Luis Arce 0-0: Called Strike
0-1: Foul Ball, location: 2F
0-2: Strikes out swinging
Batting: LHB Yoshinari Nara 0-0: SINGLE (Groundball, 4, EV 96.2 MPH)
Batting: LHB Josh Stuck 0-0: Ball
1-0: Called Strike
1-1: Fly out, F7 (Line Drive, 7, EV 107.5 MPH)
Batting: RHB Chance Lamb 0-0: Ball
1-0: Swinging Strike
1-1: Ball
2-1: Called Strike
2-2: Ball
3-2: Base on Balls
Yoshinari Nara to second
Batting: LHB Jody Hudson 0-0: Ball
1-0: Ball
2-0: Swinging Strike
2-1: Ball
3-1: Base on Balls
Yoshinari Nara to third
Chance Lamb to second
Batting: RHB Sergio Godinez 0-0: Called Strike
0-1: DOUBLE (Flyball, 78D, EV 103.8 MPH)
Yoshinari Nara scores
Chance Lamb scores
Jody Hudson to third
Batting: RHB Wally Cangro 0-0: Ball
1-0: Ball
2-0: Fly out, F8 (Flyball, 8RD, EV 105.0 MPH)
Bottom of the 3rd over - 2 runs, 2 hits, 0 errors, 2 left on base; Arkansas 5 - Frisco 2
TOP OF THE 4TH
Arkansas Travelers batting - Pitching for Frisco RoughRiders : RHP Kalititi Haki
Batting: RHB Ricky Mejicanos 0-0: Foul Ball, location: 2F
0-1: Foul Ball, location: 2F
0-2: Ground out 6-3 (Groundball, 6, EV 83.8 MPH)
Batting: LHB Dave Hicks 0-0: Ball
1-0: SOLO HOME RUN (Flyball, 7D, EV 96.9 MPH), Distance : 383 ft
Pitching: RHP Aaron Munt
Batting: RHB Kinya Nishimura 0-0: Ball
1-0: Ball
2-0: Ball
3-0: Called Strike
3-1: Ground out 6-3 (Groundball, 6, EV 99.4 MPH)
Batting: RHB Ryan Pelletier 0-0: Called Strike
0-1: Ground out 5-3 (Groundball, 5L, EV 83.8 MPH)
Top of the 4th over - 1 run, 1 hit, 0 errors, 0 left on base; Arkansas 6 - Frisco 2
BOTTOM OF THE 4TH
Frisco RoughRiders batting - Pitching for Arkansas Travelers : RHP Nick Madrid
Batting: RHB Matt Sanders 0-0: Called Strike
0-1: Ball
1-1: Called Strike
1-2: Strikes out swinging
Batting: RHB Jordan Fairburn 0-0: Swinging Strike
0-1: Foul Ball, location: 2F
0-2: Ground out 6-3 (Groundball, 6, EV 111.2 MPH)
Batting: RHB Luis Arce 0-0: Ground out 5-3 (Groundball, 5D, EV 86.9 MPH)
Bottom of the 4th over - 0 runs, 0 hits, 0 errors, 0 left on base; Arkansas 6 - Frisco 2
TOP OF THE 5TH
Arkansas Travelers batting - Pitching for Frisco RoughRiders : RHP Aaron Munt
Batting: RHB Nick Lombardo 0-0: Foul Ball, location: 2F
0-1: Swinging Strike
0-2: Strikes out swinging
Batting: RHB Danny Bjarnson 0-0: Called Strike
0-1: Ground out 4-3 (Groundball, 4, EV 104.4 MPH)
Batting: RHB Juan Montez 0-0: Foul Ball, location: 2F
0-1: Foul Ball, location: 2F
0-2: Strikes out looking
Top of the 5th over - 0 runs, 0 hits, 0 errors, 0 left on base; Arkansas 6 - Frisco 2
BOTTOM OF THE 5TH
Frisco RoughRiders batting - Pitching for Arkansas Travelers : RHP Nick Madrid
Batting: LHB Yoshinari Nara 0-0: Ball
1-0: Called Strike
1-1: Ball
2-1: Foul Ball, location: 2F
2-2: Ball
3-2: Strikes out swinging
Batting: LHB Josh Stuck 0-0: Foul Ball, location: 2F
0-1: Ground out U3 (Groundball, 34, EV 80.0 MPH)
Batting: RHB Chance Lamb 0-0: Swinging Strike
0-1: Foul Ball, location: 2F
0-2: SINGLE (Groundball, 4S, EV 70.6 MPH) (infield hit)
Pitching: LHP Steve McClain
Pinch Hitting: RHB John Michener 0-0: Called Strike
0-1: Foul Ball, location: 2F
0-2: Fly out, F8 (Flyball, 78XD, EV 76.2 MPH)
Bottom of the 5th over - 0 runs, 1 hit, 0 errors, 1 left on base; Arkansas 6 - Frisco 2
TOP OF THE 6TH
Arkansas Travelers batting - Pitching for Frisco RoughRiders : RHP Aaron Munt
Now at 1B: John Michener
Batting: RHB Kyler Seitz 0-0: Ball
1-0: Ball
2-0: Called Strike
2-1: Foul Ball, location: 2F
2-2: Foul Ball, location: 2F
2-2: Fly out, F9 (Flyball, 89M, EV 90.0 MPH)
Batting: SHB Danny Gelinas 0-0: Swinging Strike
0-1: Swinging Strike
0-2: Strikes out swinging
Batting: RHB Ricky Mejicanos 0-0: Ball
1-0: Swinging Strike
1-1: Foul Ball, location: 2F
1-2: Strikes out swinging
Top of the 6th over - 0 runs, 0 hits, 0 errors, 0 left on base; Arkansas 6 - Frisco 2
BOTTOM OF THE 6TH
Frisco RoughRiders batting - Pitching for Arkansas Travelers : LHP Steve McClain
Batting: RHB Sergio Godinez 0-0: Ball
1-0: Ball
2-0: Ball
3-0: Base on Balls
Batting: RHB Wally Cangro 0-0: Ball
1-0: Called Strike
1-1: Ball
2-1: Ball
3-1: Foul Ball, location: 2F
3-2: Foul Ball, location: 2F
3-2: Strikes out swinging
Batting: RHB Matt Sanders 0-0: Foul Ball, location: 2F
0-1: Ground out 6-3 (Groundball, 6S, EV 76.2 MPH)
Sergio Godinez to second
Batting: RHB Jordan Fairburn 0-0: Called Strike
0-1: Swinging Strike
0-2: Ball
1-2: Strikes out swinging
Bottom of the 6th over - 0 runs, 0 hits, 0 errors, 1 left on base; Arkansas 6 - Frisco 2
TOP OF THE 7TH
Arkansas Travelers batting - Pitching for Frisco RoughRiders : RHP Aaron Munt
Pitching: RHP Jared Pollard
Batting: LHB Dave Hicks 0-0: Called Strike
0-1: Called Strike
0-2: Foul Ball, location: 2F
0-2: Ground out U3 (Groundball, 3L, EV 85.0 MPH)
Batting: RHB Kinya Nishimura 0-0: Called Strike
0-1: Foul Ball, location: 2F
0-2: Strikes out swinging
Batting: RHB Ryan Pelletier 0-0: Ground out 1-3 (Groundball, 13, EV 72.5 MPH)
Top of the 7th over - 0 runs, 0 hits, 0 errors, 0 left on base; Arkansas 6 - Frisco 2
BOTTOM OF THE 7TH
Frisco RoughRiders batting - Pitching for Arkansas Travelers : LHP Steve McClain
Pitching: RHP Jose Alvarado
Batting: RHB Luis Arce 0-0: Ball
1-0: Ball
2-0: Called Strike
2-1: Ball
3-1: Swinging Strike
3-2: Strikes out swinging
Batting: LHB Yoshinari Nara 0-0: Swinging Strike
0-1: Called Strike
0-2: Strikes out swinging
Batting: LHB Josh Stuck 0-0: Called Strike
0-1: Called Strike
0-2: Ball
1-2: Strikes out swinging
Bottom of the 7th over - 0 runs, 0 hits, 0 errors, 0 left on base; Arkansas 6 - Frisco 2
TOP OF THE 8TH
Arkansas Travelers batting - Pitching for Frisco RoughRiders : RHP Jared Pollard
Batting: RHB Nick Lombardo 0-0: Swinging Strike
0-1: Called Strike
0-2: Fly out, F8 (Flyball, 8LM, EV 90.6 MPH)
Batting: RHB Danny Bjarnson 0-0: Ball
1-0: Ground out 6-3 (Groundball, 6M, EV 88.1 MPH)
Batting: RHB Juan Montez 0-0: Foul Ball, location: 2F
0-1: Called Strike
0-2: Ball
1-2: Ball
2-2: Ball
3-2: Base on Balls
Batting: RHB Kyler Seitz 0-0: Ball
1-0: Ball
2-0: Foul Ball, location: 2F
2-1: Fielders Choice at 2nd, 6-4 (Groundball, 6, EV 97.5 MPH)
Top of the 8th over - 0 runs, 0 hits, 0 errors, 1 left on base; Arkansas 6 - Frisco 2
BOTTOM OF THE 8TH
Frisco RoughRiders batting - Pitching for Arkansas Travelers : RHP Jose Alvarado
Batting: RHB Chance Lamb 0-0: Called Strike
0-1: Ball
1-1: Ball
2-1: Called Strike
2-2: Ground out 4-3 (Groundball, 4, EV 105.0 MPH)
Batting: RHB John Michener 0-0: Called Strike
0-1: Foul Ball, location: 2F
0-2: Ball
1-2: Ball
2-2: Fly out, F8 (Flyball, 8LM, EV 95.0 MPH)
Batting: RHB Sergio Godinez 0-0: Ball
1-0: Ball
2-0: Ball
3-0: Called Strike
3-1: Base on Balls
Batting: RHB Wally Cangro 0-0: Ball
1-0: Ground out 4-3 (Groundball, 4, EV 101.9 MPH)
Bottom of the 8th over - 0 runs, 0 hits, 0 errors, 1 left on base; Arkansas 6 - Frisco 2
TOP OF THE 9TH
Arkansas Travelers batting - Pitching for Frisco RoughRiders : RHP Jared Pollard
Batting: SHB Danny Gelinas 0-0: Foul Ball, location: 2F
0-1: Called Strike
0-2: Foul Ball, location: 2F
0-2: Foul Ball, location: 2F
0-2: Strikes out looking
Batting: RHB Ricky Mejicanos 0-0: Swinging Strike
0-1: Swinging Strike
0-2: Ball
1-2: Strikes out looking
Batting: LHB Dave Hicks 0-0: Ball
1-0: Called Strike
1-1: Ball
2-1: Ground out U3 (Groundball, 3S, EV 86.2 MPH)
Top of the 9th over - 0 runs, 0 hits, 0 errors, 0 left on base; Arkansas 6 - Frisco 2
BOTTOM OF THE 9TH
Frisco RoughRiders batting - Pitching for Arkansas Travelers : RHP Jose Alvarado
Pitching: RHP Jason Smallwood
Batting: RHB Matt Sanders 0-0: Ball
1-0: Swinging Strike
1-1: Foul Ball, location: 2F
1-2: Strikes out swinging
Pinch Hitting: LHB Jim Pankratz 0-0: Called Strike
0-1: Ball
1-1: Ball
2-1: Swinging Strike
2-2: Ball
3-2: Base on Balls
Batting: RHB Luis Arce 0-0: Called Strike
0-1: Ball
1-1: Foul Ball, location: 2F
1-2: Ball
2-2: Fly out, F8 (Line Drive, 78M, EV 89.4 MPH)
Batting: LHB Yoshinari Nara 0-0: SINGLE (Groundball, 3D, EV 105.6 MPH)
Jim Pankratz to second
Pitching: LHP Ismael Diaz
Batting: LHB Josh Stuck 0-0: Fly out, F8 (Flyball, 8LM, EV 83.1 MPH)
Bottom of the 9th over - 0 runs, 1 hit, 0 errors, 2 left on base; Arkansas 6 - Frisco 2
Sunday, July 16th , 2023 - OOTP Baseball 24.6 Build 69